 Dungeon Crawl Stone Soup version 0.25-a0-697-g890751e744 (webtiles) character file.

Game seed: 17927501825174239225, levelgen mode: deterministic

624588 MisterFreud the Slayer (level 27, -6/276 HPs)
             Began as a Gnoll Abyssal Knight on Mar 30, 2020.
             Was a Priest of Lugonu.
             Killed from afar by a Hell Sentinel (32 damage)
             ... with damnation
             ... on level 1 of the Realm of Zot on Mar 31, 2020.
             The game lasted 05:49:33 (73576 turns).

MisterFreud the Slayer (Gnoll Abyssal Knight)      Turns: 73576, Time: 05:49:35

Health: -6/276     AC: 44    Str: 23    XL:     27
Magic:  35/40      EV: 26    Int: 26    God:    Lugonu [***...]
Gold:   2692       SH: 11    Dex: 17    Spells: 22/61 levels left

rFire    . . .     SeeInvis +   a - +9 demon whip (protect)
rCold    . . .     Gourm    .   B - +2 buckler {reflect}
rNeg     + + .     Faith    .   (armour currently unavailable)
rPois    ∞         Spirit   .   R - +2 helmet {Int+3}
rElec    +         Reflect  +   M - +2 cloak {MR+}
rCorr    .         Harm     .   (gloves currently unavailable)
MR       ++++.                  (boots currently unavailable)
Stlth    +++.......             n - amulet of the Snail {rN+ Regen+ Str+4 Slay+2}
HPRegen  0.00/turn              x - ring of see invisible
MPRegen  0.27/turn              V - ring of protection from magic

@: statue-form, protection aura, very slightly contaminated, hasted (expiring),
studying 3 skills
A: distributed training, fangs 1, frail 1, low mp 1, inhibited regeneration,
strong 1, MP-powered wands, strong nose
0: Orb of Zot
}: 3/15 runes: serpentine, barnacled, abyssal
a: End Transformation, Depart the Abyss, Bend Space, Banish, Renounce Religion


You were on level 1 of the Realm of Zot.
You worshipped Lugonu.
Lugonu was most pleased with you.
You were full.
You were a stone statue.
You visited 9 branches of the dungeon, and saw 48 of its levels.
You visited the Abyss 8 times.
You also visited: Sewer, Bailey and Gauntlet.

You collected 7306 gold pieces.
You spent 4614 gold pieces at shops.

Inventory:

Hand Weapons
 a - a +9 demon whip of protection (weapon)
Missiles
 m - 47 javelins (quivered)
 E - 15 throwing nets
Armour
 f - +3 gold dragon scales (melded)
 B - a +2 buckler of reflection (worn)
 H - a +2 pair of boots (melded)
 M - a +2 cloak of magic resistance (worn)
 R - a +2 helmet of intelligence (worn)
 Y - the +3 pair of gauntlets of War (melded) {Slay+5}
   (You took it off Nikola on level 4 of the Shoals)

   It affects your accuracy and damage with ranged weapons and melee attacks
   (+5).
Jewellery
 j - a +5 ring of intelligence
 n - the amulet of the Snail (around neck) {rN+ Regen+ Str+4 Slay+2}
   (You bought it in a shop on level 4 of the Snake Pit)

   [amulet of regeneration]

   It affects your strength (+4).
   It affects your accuracy and damage with ranged weapons and melee attacks
   (+2).
   It protects you from negative energy.
   It increases your rate of regeneration.
 x - a ring of see invisible (left hand)
 L - an uncursed ring of resist corrosion
 V - a ring of protection from magic (right hand)
Wands
 d - a wand of digging (11)
 r - a wand of acid (5)
 w - a wand of clouds (6)
 y - a wand of enslavement (20)
 K - a wand of polymorph (31)
 T - a wand of iceblast (7)
 W - a wand of paralysis (20)
Scrolls
 b - a scroll of enchant weapon
 h - 4 scrolls of blinking
 k - 12 scrolls of teleportation
 l - 4 scrolls of fear
 p - 20 scrolls of remove curse
 s - 23 scrolls of identify
 u - 12 scrolls of amnesia
 N - 4 scrolls of silence
 O - a scroll of torment
 U - 6 scrolls of fog
Potions
 e - 4 potions of magic
 g - a potion of might
 i - 18 potions of curing
 o - 6 potions of mutation
 q - 8 potions of brilliance
 t - 4 potions of invisibility
 v - a potion of resistance
 I - 7 potions of haste
 J - 5 potions of cancellation
Books
 C - a manual of Polearms
 F - a manual of Fighting
 G - a manual of Armour
Miscellaneous
 D - 4 tins of tremorstones
 P - 6 phantom mirrors
 Q - a phial of floods
 X - a lightning rod (4/4)
 Z - 2 boxes of beasts
Comestibles
 c - 72 rations


   Skills:
 + Level 23.9 Fighting
 + Level 18.3 Short Blades
 + Level 17.9 Long Blades
 + Level 17.9 Axes
 + Level 22.9 Maces & Flails
 + Level 20.2 Polearms
 + Level 18.3 Staves
 + Level 17.9 Slings
 + Level 17.9 Bows
 + Level 17.9 Crossbows
 + Level 17.9 Throwing
 + Level 23.6 Armour
 + Level 18.0 Dodging
 + Level 17.9 Stealth
 + Level 17.9 Shields
 + Level 17.9 Unarmed Combat
 + Level 17.9 Spellcasting
 + Level 15.4 Conjurations
 + Level 15.4 Hexes
 + Level 15.4 Charms
 + Level 15.4 Summonings
 + Level 15.4 Necromancy
 + Level 15.4 Translocations
 + Level 15.4 Transmutations
 + Level 15.4 Fire Magic
 + Level 15.4 Ice Magic
 + Level 15.4 Air Magic
 + Level 15.4 Earth Magic
 + Level 15.4 Poison Magic
 + Level 19.6 Invocations
 + Level 17.9 Evocations


You had 22 spell levels left.
You knew the following spells:

 Your Spells              Type           Power        Failure   Level  Hunger
a - Summon Lightning Spi  Summ/Air       #######.     1%          4    None
b - Blink                 Tloc           N/A          0%          2    None
c - Passwall              Tmut/Erth      #######.     0%          2    None
d - Lesser Beckoning      Tloc           #######...   0%          3    None
e - Aura of Abjuration    Summ           #######...   1%          5    None
f - Borgnjor's Vile Clut  Necr/Erth      #######...   1%          5    None
g - Deflect Missiles      Chrm/Air       #######...   1%          6    ###....
h - Statue Form           Tmut/Erth      #######..    1%          6    ###....
i - Irradiate             Conj/Tmut      #######...   1%          5    None
j - Apportation           Tloc           ######       0%          1    None

Your spell library contained the following spells:

 Spells                   Type           Power        Failure   Level  Hunger
 Animate Skeleton         Necr           N/A          0%          1    None
 Beastly Appendage        Tmut           ######       0%          1    None
 Corona                   Hex            #######      0%          1    None
 Foxfire                  Conj/Fire      ####         0%          1    None
 Infusion                 Chrm           ####         0%          1    None
 Sandblast                Erth           ######       0%          1    None
 Sting                    Tmut/Pois      ####         0%          1    None
 Summon Butterflies       Summ           #######.     0%          1    None
 Summon Small Mammal      Summ           ####         0%          1    None
 Corpse Rot               Necr/Air       N/A          0%          2    None
 Ensorcelled Hibernation  Hex/Ice        ######       0%          2    None
 Poisonous Vapours        Pois/Air       ######       0%          2    None
 Shroud of Golubria       Chrm/Tloc      ######       0%          2    None
 Sticks to Snakes         Tmut           #######.     0%          2    None
 Call Canine Familiar     Summ           #######.     0%          3    None
 Confusing Touch          Hex            #######.     0%          3    None
 Conjure Flame            Conj/Fire      #######.     0%          3    None
 Frozen Ramparts          Ice            ######       0%          3    None
 Gell's Gravitas          Tloc           #######...   0%          3    None
 Ignite Poison            Fire/Tmut/Pois #######.     0%          3    None
 Inner Flame              Hex/Fire       #######.     0%          3    None
 Mephitic Cloud           Conj/Pois/Air  #######.     0%          3    None
 Ozocubu's Armour         Chrm/Ice       #######.     0%          3    None
 Recall                   Summ/Tloc      N/A          0%          3    None
 Spectral Weapon          Hex/Chrm       #######.     0%          3    None
 Spider Form              Tmut/Pois      #######...   0%          3    None
 Stone Arrow              Conj/Erth      ######       0%          3    None
 Teleport Other           Tloc           #######.     0%          3    None
 Animate Dead             Necr           N/A          1%          4    None
 Dispel Undead            Necr           #######.     1%          4    None
 Ice Form                 Ice/Tmut       #######.     1%          4    None
 Leda's Liquefaction      Hex/Erth       #######...   1%          4    None
 Olgreb's Toxic Radiance  Pois           #######.     1%          4    None
 Petrify                  Tmut/Erth      #######.     1%          4    None
 Summon Ice Beast         Ice/Summ       #######.     1%          4    None
 Blade Hands              Tmut           #######...   1%          5    None
 Bolt of Magma            Conj/Fire/Erth #######...   1%          5    None
 Iskenderun's Battlesphe  Conj/Chrm      #######.     1%          5    None
 Lee's Rapid Deconstruct  Erth           #######...   1%          5    None
 Metabolic Englaciation   Hex/Ice        #######...   1%          5    None
 Silence                  Hex/Air        #######...   1%          5    None
 Summon Demon             Summ           #######...   1%          5    None
 Summon Forest            Summ/Tloc      #######...   1%          5    None
 Summon Mana Viper        Hex/Summ       #######.     1%          5    None
 Yara's Violent Unravell  Hex/Tmut       #######...   1%          5    None
 Conjure Ball Lightning   Conj/Air       #######...   1%          6    ###....
 Death Channel            Necr           #######...   1%          6    ###....
 Eringya's Noxious Bog    Tmut/Pois      #######...   1%          6    ###....
 Freezing Cloud           Conj/Ice/Air   #######...   1%          6    ###....
 Hydra Form               Tmut           #######...   1%          6    ###....
 Iron Shot                Conj/Erth      #######...   1%          6    ###....
 Ozocubu's Refrigeration  Ice            #######...   1%          6    ###....
 Shadow Creatures         Summ           N/A          1%          6    ###....
 Simulacrum               Ice/Necr       #######...   1%          6    ###....
 Starburst                Conj/Fire      #######...   1%          6    ###....
 Dragon Form              Tmut           #######...   3%          7    #####..
 Malign Gateway           Summ/Tloc      #######...   3%          7    #####..
 Monstrous Menagerie      Summ           #######...   3%          7    #####..
 Orb of Destruction       Conj           #######...   3%          7    #####..
 Ring of Flames           Chrm/Fire      #######...   3%          7    #####..
 Spellforged Servitor     Conj/Summ      #######...   3%          7    #####..
 Summon Greater Demon     Summ           #######...   3%          7    #####..
 Summon Hydra             Summ           #######...   3%          7    #####..
 Chain Lightning          Conj/Air       #######...   24%         8    ######.
 Lehudib's Crystal Spear  Conj/Erth      #######...   24%         8    ######.
 Summon Horrible Things   Summ           #######...   24%         8    ######.
 Absolute Zero            Ice            #######...   98%         9    #######
 Fire Storm               Conj/Fire      #######...   98%         9    #######
 Shatter                  Erth           #######...   98%         9    #######
 Tornado                  Air            #######...   98%         9    #######
 Passage of Golubria      Tloc           Unusable     N/A         4    N/A

Dungeon Overview and Level Annotations

Branches:
Dungeon (15/15)            Temple (0/1) D:5            Lair (6/6) D:10
 Shoals (4/4) Lair:2        Snake (4/4) Lair:3        Slime (0/5) Lair:6
    Orc (2/2) D:11            Elf (3/3) Orc:2        Vaults (4/5) D:14
  Crypt (0/3) Vaults:3     Depths (5/5) D:15            Zot (5/5) Depths:5
  Sewer (visited)          Bailey (visited)         Gauntlet (visited)

Altars:
Cheibriados
Elyvilon
Hepliaklqana
Kikubaaqudgha
Sif Muna
Vehumet
Yredelemnul
Beogh

Shops:
Orc:2 :*[(   Elf:1 (   Shoals:2 ([*   Snake:4 =}=   Vaults:2 =(=?   Depths:2 *

Portals:
Hell: Depths:1 Depths:2 Depths:3 Depths:4 Depths:5
Abyss: Snake:2 Depths:3 Depths:4
Pandemonium: Depths:3
Ziggurat: Depths:2
Trove: Elf:2 (give +4 demon trident)

Annotations:
D:5 1 runed translucent door, emiel's ghost, novice FoFE
Shoals:3 Mara


Innate Abilities, Weirdness & Mutations

Your experience applies equally to all skills.
You have very sharp teeth.
Your uncanny sense of smell can sniff out nearby items.
You are frail. (-10% HP)
Your magical capacity is low. (-10% MP)
You do not regenerate when monsters are visible.
Your muscles are strong. (Str +2)
You expend magic power (3 MP) to strengthen your wands.


Message History

Here: a Hell Sentinel (severely wounded)
The floor.
Unknown command.
Unknown command.
Evoke which item? (* to show all) (? for menu, Esc to quit)
Okay, then.
Unknown command.
Unknown command.
Unknown command.
Evoke which item? (* to show all) (? for menu, Esc to quit)
Aiming: Corrosive Bolt
Press: ? - help, Shift-Dir - straight line, f/p - Hell Sentinel
Aim: a Hell Sentinel (severely wounded)
You feel a surge of power!
The bolt of acid hits the Hell Sentinel!
The Hell Sentinel is splashed with acid.
The Hell Sentinel is severely wounded.
The Hell Sentinel gestures at you.
The sphere of damnation explodes!
The damnation engulfs you!!
You die...

###### #....### ##...## #......#
#....[#######)....?# #####
'.#..)##.#...#.∩...####...##
#....)#..#...#[=..##.......######
##...##..#.................##...#
#####..........................#
#............(..............#
#...........8............####
####.##.##..1#######.....#
#.##....>.# #......# ####
#.#.......# #......#
...#####.#.......######....()#
................))).)..).....#
...##.....#.##..)###[..#...###
.............#...# #...)...#
.............#...# ###.....#


You could see a Hell Sentinel.

Vanquished Creatures
  A pandemonium lord (Zot:1)
  An orb of fire (Zot:2)
  2 ancient liches
  Boris (Depths:2)
  3 Killer Klowns
  Frederick (Depths:4)
  6 golden dragons
  5 caustic shrikes
  3 curse toes
  Saint Roka (Abyss:1)
  the Enchantress (Depths:1)
  3 bone dragons (Abyss:1)
  A Tzitzimitl (Depths:2)
  2 hellephants
  7 tentacled monstrosities
  7 Orb Guardians (Zot:5)
  A deep elf blademaster (Elf:2)
  A deep elf master archer (Elf:3)
  9 liches
  8 quicksilver dragons
  6 death cobs
  A kraken (Shoals:4)
  2 sphinxes
  11 tentacled starspawn
  2 Executioners (Abyss:3)
  2 shadow dragons
  7 storm dragons
  3 tengu reavers
  10 draconian monks
  7 nagarajas
  The ghost of Flugslaktarn the Severer, a journeyman DDFi of Makhleb (Snake:2)
  9 fire giants
  12 deep elf sorcerers
  2 iron dragons
  15 frost giants
  Aizul (Snake:3)
  10 draconian scorchers
  11 draconian knights
  9 vault wardens
  An angel (Abyss:3)
  2 cacodemons
  A deep elf elementalist (Elf:3)
  A balrug (Abyss:1)
  2 ghost moths (Zot:3)
  3 emperor scorpions (Abyss:3)
  10 draconian shifters
  Louise (Elf:3)
  A ghoul (Vaults:3)
  A juggernaut skeleton (Depths:2)
  12 ironheart preservers
  9 draconian annihilators
  5 draconian stormcallers
  4 reapers (Depths:2)
  9 spriggan defenders
  12 stone giants
  2 vampire knights
  15 very ugly things
  A war gargoyle (Vaults:4)
  An entropy weaver (Abyss:1)
  6 green draconians
  A lorocyproca (Abyss:3)
  9 red draconians
  The ghost of liluieth the Nimble, a journeyman DECj of Vehumet (D:12)
  8 deep elf demonologists
  12 black draconians
  A minotaur (Gauntlet)
  13 white draconians
  12 yellow draconians
  2 spark wasps
  6 deep elf annihilators
  25 purple draconians
  10 deep elf death magi
  A green death (Abyss:3)
  12 ettins
  2 merfolk javelineers
  10 merfolk impalers
  13 fire dragons
  8 deep elf high priests
  13 great orbs of eyes
  12 ice dragons
  11 yaktaur captains
  7 naga warriors
  8 hydras
  15 vault guards
  2 catoblepae
  4 merfolk aquamancers
  6 spriggan air magi
  29 two-headed ogres
  A death knight (Vaults:3)
  3 anacondas
  2 alligator snapping turtles (Shoals:4)
  4 merfolk avatars
  8 centaur warriors
  4 satyrs
  16 dancing weapons
  11 rakshasas
  11 ogre magi
  7 deep troll shamans
  Urug (D:11)
  8 deep troll earth magi
  3 orc high priests (Orc:2)
  A hell hog (Depths:2)
  11 tengu warriors
  19 thrashing horrors
  A titan zombie (Depths:2)
  A vampire mage (Depths:5)
  9 naga sharpshooters
  12 spriggan berserkers
  14 deep elf knights
  3 soul eaters (Depths:2)
  11 hell knights
  3 sixfirhies
  A fire crab (Gauntlet)
  7 wretched stars
  2 shock serpents (Snake:2)
  3 iron trolls
  2 spatial maelstroms
  2 salamander mystics
  A golden dragon zombie (Depths:2)
  16 small abominations
  25 deep trolls
  3 shadow wraiths
  8 sea snakes
  3 skeletal warriors (Vaults:1)
  6 wizards
  An iron troll (shapeshifter) (Depths:5)
  2 flayed ghosts (Depths:4)
  A shadow dragon zombie (Depths:2)
  2 naga ritualists (Snake:4)
  10 necromancers
  A ghost moth zombie (Abyss:1)
  9 glowing orange brains
  14 ironbrand convokers
  2 tengu zombies (Depths:2)
  A sphinx zombie (Depths:2)
  40 deep elf magi
  A frost giant zombie (Abyss:1)
  A harpy (shapeshifter) (Depths:3)
  29 harpies
  10 deep elf archers
  9 orc knights
  A golden dragon skeleton (Depths:2)
  2 stone giant zombies (Depths:2)
  2 fire giant zombies (Depths:2)
  An orb spider (shapeshifter) (Vaults:3)
  A wolf spider (shapeshifter) (Vaults:4)
  8 orc sorcerers
  6 wolf spiders
  6 mana vipers
  11 fauns
  A shining eye (shapeshifter) (Vaults:4)
  34 ugly things
  A sphinx skeleton (Depths:2)
  9 cyclopes
  A cyclops (shapeshifter) (Depths:4)
  12 salamanders
  A manticore (shapeshifter) (Vaults:4)
  15 manticores
  4 worldbinders
  2 centaur zombies
  Maurice (Abyss:1)
  28 black mambas
  21 moths of wrath
  A fire giant skeleton (Depths:2)
  Joseph (D:9)
  2 guardian serpents
  An iron dragon skeleton (Depths:2)
  14 naga magi
  9 vault sentinels
  A guardian serpent (shapeshifter) (Depths:1)
  3 water nymphs
  12 merfolk sirens
  A stone giant skeleton (Depths:2)
  2 orange demons (Abyss:1)
  An apocalypse crab (Abyss:3)
  An eye of devastation (Vaults:4)
  A rust devil (Abyss:3)
  9 smoke demons
  8 spiny frogs
  A gargoyle (D:15)
  An emperor scorpion zombie (Abyss:1)
  Maggie (D:8)
  A spark wasp simulacrum (Depths:2)
  An efreet (D:14)
  3 kobold demonologists
  A komodo dragon (shapeshifter) (Vaults:3)
  2 spriggan zombies (Depths:2)
  7 komodo dragons
  42 yaktaurs
  A yaktaur (shapeshifter) (Vaults:3)
  A hellion (Abyss:1)
  A rime drake (Lair:2)
  6 hellwings
  2 demonic crawlers (Abyss:3)
  5 tengu conjurers
  9 freezing wraiths
  11 ancient zymes
  A silent spectre (Abyss:1)
  3 wind drakes
  30 merfolk
  13 trolls
  A merfolk (shapeshifter) (Depths:2)
  3 polar bears (Lair:6)
  A blink frog (shapeshifter) (Vaults:4)
  11 hornets
  8 blink frogs
  12 slime creatures
  19 raiju
  16 dream sheep
  11 hippogriffs
  6 snapping turtles
  A frost giant simulacrum (Depths:2)
  An ice dragon zombie (Abyss:1)
  4 ynoxinuls (Abyss:1)
  15 spriggans
  Sigmund (D:5)
  2 wraiths
  A wyvern (Lair:2)
  A wyvern (shapeshifter) (Vaults:4)
  7 flying skulls (Abyss:3)
  3 air elementals
  3 shadows
  3 redbacks (Vaults:4)
  12 water elementals
  A tarantella (Vaults:4)
  A hog (shapeshifter) (Vaults:4)
  3 spriggan skeletons (Depths:2)
  2 vampires
  An elf simulacrum (Depths:2)
  2 fire elementals
  Eustachio (D:6)
  4 basilisks
  23 yaks
  12 chaos spawn
  3 hogs (D:7)
  A human (D:7)
  A hungry ghost (D:12)
  11 vampire mosquitoes
  9 neqoxecs
  15 fire bats
  2 insubstantial wisps
  45 nagas
  30 large abominations
  2 acid dragons
  2 soldier ants (D:14)
  4 wargs
  10 hell hounds
  An acid dragon (shapeshifter) (Vaults:2)
  8 water moccasins
  A soldier ant (shapeshifter) (Elf:2)
  A floating eye (Depths:3)
  47 orc warriors
  11 porcupines
  3 ettin simulacra
  Purgy (Sewer)
  A swamp dragon zombie (Abyss:3)
  5 ice beasts
  3 black bears (shapeshifter)
  5 black bears
  7 sky beasts
  An eye of draining (D:15)
  A human zombie (Vaults:2)
  26 ogres
  9 boggarts
  19 centaurs
  3 phantoms
  32 wolves
  A big kobold (shapeshifter) (Vaults:2)
  4 elf zombies
  A big kobold (D:12)
  14 crocodiles
  A deep troll simulacrum (Vaults:3)
  13 bullfrogs
  2 gnoll sergeants
  2 glowing shapeshifter simulacra
  8 scorpions
  A water moccasin skeleton (D:5)
  10 killer bees
  5 electric eels
  A wight (D:14)
  12 crimson imps
  22 starcursed masses
  6 hounds
  3 quasits
  A jelly (shapeshifter) (Vaults:4)
  2 bullfrog zombies
  43 orc priests
  6 jellies
  3 bullfrog skeletons
  5 centaur skeletons
  8 iron imps (Abyss:3)
  Ijyb (D:3)
  3 iguanas
  34 orc wizards
  31 worker ants
  A killer bee zombie (D:10)
  2 human simulacra
  A hound zombie (D:8)
  8 gnolls
  A howler monkey skeleton (D:9)
  3 worker ant zombies
  15 adders
  8 shadow imps
  6 white imps
  3 oozes
  A worm (D:3)
  4 dart slugs
  8 leopard geckos
  168 orcs
  A ball python (D:4)
  14 bats
  5 giant cockroaches
  2 gnoll zombies (D:4)
  10 hobgoblins
  19 jackals
  5 quokkas
  9 frilled lizards
  9 goblins
  19 kobolds
  A leopard gecko zombie (D:6)
  13 rats
  5 crawling corpses
  A lurking horror (Snake:2)
  10 starspawn tentacles
  6 tentacles (Shoals:4)
2404 creatures vanquished.

Vanquished Creatures (collateral kills)
  Nikola (Shoals:4)
  A quicksilver dragon (shapeshifter) (Vaults:4)
  A deep elf sorcerer (Elf:3)
  2 deep elf demonologists (Elf:3)
  A purple draconian (Zot:1)
  A vault guard (Vaults:3)
  A dancing weapon (Elf:3)
  A faun (Shoals:4)
  A raiju (Abyss:1)
10 creatures vanquished.

Vanquished Creatures (others)
  A deep elf master archer (Elf:3)
  A tengu reaver (Vaults:4)
  A nagaraja (Snake:3)
  A storm dragon (Vaults:4)
  A frost giant (Vaults:4)
  A draconian knight (Zot:1)
  An orc warlord (Orc:2)
  A vault warden (Vaults:2)
  3 ironheart preservers
  2 stone giants
  A draconian annihilator (Zot:1)
  An ettin (Vaults:2)
  A deep elf death mage (Vaults:1)
  3 yaktaur captains
  A naga warrior (Snake:4)
  3 hydras
  2 vault guards
  An alligator snapping turtle (Shoals:1)
  A death knight (Vaults:1)
  A centaur warrior (Depths:3)
  A dancing weapon (Elf:2)
  7 two-headed ogres
  A hell hog (Depths:2)
  3 satyrs
  7 naga sharpshooters
  2 deep elf knights
  4 shock serpents
  A shadow wraith (Vaults:3)
  A skeletal warrior (Vaults:1)
  3 sea snakes
  An unseen horror (D:12)
  A flayed ghost (Vaults:4)
  A deep troll (Vaults:3)
  2 deep elf archers
  An ironbrand convoker (Vaults:2)
  A naga ritualist (Snake:3)
  3 harpies
  A stone giant zombie (Vaults:2)
  3 orc knights
  2 deep elf magi
  An orc sorcerer (Orc:2)
  A frost giant zombie (Vaults:2)
  A faun (Shoals:1)
  A fire giant zombie (Abyss:3)
  A faun (shapeshifter) (Vaults:2)
  2 cyclopes
  A centaur zombie (D:14)
  A guardian serpent (Snake:4)
  4 black mambas
  A gargoyle (D:13)
  2 naga magi
  A spiny frog (Lair:6)
  A rime drake (Lair:4)
  A torpor snail (Lair:5)
  2 freezing wraiths
  5 yaktaurs
  2 merfolk
  A troll (D:14)
  2 wind drakes
  A polar bear (Lair:4)
  3 slime creatures
  A raiju (Snake:2)
  A hornet (D:9)
  A dream sheep (Shoals:2)
  A hippogriff (D:14)
  3 snapping turtles
  2 spriggans
  4 water elementals
  A yak (Lair:4)
  A human (shapeshifter) (D:14)
  A fire bat (Abyss:3)
  A basilisk (Lair:2)
  4 small abominations
  2 nagas (Snake:2)
  An acid dragon (D:13)
  2 water moccasins
  2 orc warriors
  3 centaurs
  2 ogres
  2 wolves
  2 crocodiles
  2 jellies
  5 orc wizards
  An orc priest (Orc:2)
  A human simulacrum (D:9)
  An ufetubus (Abyss:3)
  2 orcs
  2 kobolds (D:12)
  A bush (D:5)
  10 fungi
  57 plants
  30 starspawn tentacles
  18 tentacles (Shoals:4)
  5 toadstools (Depths:3)
281 creatures vanquished.

Grand Total: 2695 creatures vanquished

Notes
Turn   | Place    | Note
-------+----------+-------------------------------------------
     0 | Abyss:1  | MisterFreud the Gnoll Abyssal Knight began the quest for
                  | the Orb.
     0 | Abyss:1  | Reached XP level 1. HP: 23/23 MP: 3/3
    46 | Abyss:1  | Noticed a small abomination
    60 | D:1      | Escaped the Abyss
   189 | D:1      | Reached * piety under Lugonu
   189 | D:1      | Reached XP level 2. HP: 27/29 MP: 5/5
   632 | D:1      | Reached XP level 3. HP: 34/35 MP: 6/6
  1147 | D:2      | Reached ** piety under Lugonu
  1158 | D:2      | Reached skill level 1 in Long Blades
  1158 | D:2      | Reached skill level 1 in Axes
  1158 | D:2      | Reached skill level 1 in Maces & Flails
  1158 | D:2      | Reached skill level 1 in Polearms
  1158 | D:2      | Reached skill level 1 in Staves
  1158 | D:2      | Reached skill level 1 in Slings
  1158 | D:2      | Reached skill level 1 in Bows
  1158 | D:2      | Reached skill level 1 in Crossbows
  1158 | D:2      | Reached skill level 1 in Throwing
  1158 | D:2      | Reached skill level 1 in Stealth
  1158 | D:2      | Reached skill level 1 in Shields
  1158 | D:2      | Reached skill level 1 in Unarmed Combat
  1158 | D:2      | Reached skill level 1 in Spellcasting
  1158 | D:2      | Reached skill level 1 in Evocations
  1214 | D:2      | Reached XP level 4. HP: 21/41 MP: 7/7
  1838 | D:2      | Reached skill level 1 in Conjurations
  1838 | D:2      | Reached skill level 1 in Hexes
  1838 | D:2      | Reached skill level 1 in Charms
  1838 | D:2      | Reached skill level 1 in Summonings
  1838 | D:2      | Reached skill level 1 in Necromancy
  1838 | D:2      | Reached skill level 1 in Translocations
  1838 | D:2      | Reached skill level 1 in Transmutations
  1838 | D:2      | Reached skill level 1 in Fire Magic
  1838 | D:2      | Reached skill level 1 in Ice Magic
  1838 | D:2      | Reached skill level 1 in Air Magic
  1838 | D:2      | Reached skill level 1 in Earth Magic
  1838 | D:2      | Reached skill level 1 in Poison Magic
  2161 | D:3      | Reached XP level 5. HP: 47/47 MP: 8/8
  2180 | D:3      | Reached *** piety under Lugonu
  2251 | D:3      | Noticed Ijyb
  2270 | D:3      | Killed Ijyb
  2330 | D:3      | Reached skill level 5 in Invocations
  2330 | D:3      | Reached XP level 6. HP: 50/53 MP: 9/9
  2385 | D:3      | You fall into a shaft and drop 1 floor!
  2444 | D:4      | Reached skill level 5 in Short Blades
  2444 | D:4      | Reached skill level 5 in Armour
  3111 | D:4      | Reached XP level 7. HP: 55/59 MP: 10/10
  3478 | D:4      | Found a basalt altar of Yredelemnul,
  3681 | D:5      | Entered Level 5 of the Dungeon
  3694 | D:5      | Noticed Sigmund
  3724 | D:5      | Killed Sigmund
  3781 | D:5      | Found a hazy altar of Hepliaklqana,
  3781 | D:5      | Found a white marble altar of Elyvilon,
  3781 | D:5      | Found a radiant altar of Vehumet,
  3830 | D:5      | Reached XP level 8. HP: 39/67 MP: 12/12
  4009 | D:5      | Found a runed translucent door,
  4021 | D:5      | Noticed emiel's ghost (novice FoFE)
  4094 | D:5      | Found a glowing drain,
  4100 | D:5      | Reached **** piety under Lugonu
  4106 | Sewer    | Entered a sewer
  4163 | Sewer    | Noticed Purgy
  4193 | Sewer    | Killed Purgy
  4726 | D:5      | Found a staircase to the Ecumenical Temple,
  5289 | D:6      | Noticed Eustachio
  5340 | D:6      | Killed Eustachio
  5340 | D:6      | Reached XP level 9. HP: 57/73 MP: 14/14
  6227 | D:6      | Reached skill level 5 in Dodging
  6284 | D:6      | Reached ***** piety under Lugonu
  6377 | D:7      | Noticed a manticore
  6394 | D:7      | Killed a manticore
  6734 | D:8      | Found a flagged portal,
  6753 | Bailey   | Entered a bailey
  6950 | Bailey   | Reached XP level 10. HP: 28/80 MP: 15/17
  8252 | Bailey   | Reached skill level 5 in Long Blades
  8252 | Bailey   | Reached skill level 5 in Axes
  8252 | Bailey   | Reached skill level 5 in Maces & Flails
  8252 | Bailey   | Reached skill level 5 in Polearms
  8252 | Bailey   | Reached skill level 5 in Staves
  8252 | Bailey   | Reached skill level 5 in Slings
  8252 | Bailey   | Reached skill level 5 in Bows
  8252 | Bailey   | Reached skill level 5 in Crossbows
  8252 | Bailey   | Reached skill level 5 in Throwing
  8252 | Bailey   | Reached skill level 5 in Stealth
  8252 | Bailey   | Reached skill level 5 in Shields
  8252 | Bailey   | Reached skill level 5 in Unarmed Combat
  8252 | Bailey   | Reached skill level 5 in Spellcasting
  8252 | Bailey   | Reached skill level 5 in Evocations
 10276 | D:9      | Noticed a two-headed ogre
 10287 | D:9      | Banished a two-headed ogre
 10287 | D:9      | Reached XP level 11. HP: 89/89 MP: 7/19
 10569 | D:9      | Noticed Maggie
 10608 | D:8      | Killed Maggie
 10882 | D:9      | Reached skill level 5 in Conjurations
 10882 | D:9      | Reached skill level 5 in Hexes
 10882 | D:9      | Reached skill level 5 in Charms
 10882 | D:9      | Reached skill level 5 in Summonings
 10882 | D:9      | Reached skill level 5 in Necromancy
 10882 | D:9      | Reached skill level 5 in Translocations
 10882 | D:9      | Reached skill level 5 in Transmutations
 10882 | D:9      | Reached skill level 5 in Fire Magic
 10882 | D:9      | Reached skill level 5 in Ice Magic
 10882 | D:9      | Reached skill level 5 in Air Magic
 10882 | D:9      | Reached skill level 5 in Earth Magic
 10882 | D:9      | Reached skill level 5 in Poison Magic
 11030 | D:9      | Noticed Joseph
 11077 | D:9      | Killed Joseph
 11263 | D:9      | Noticed a two-headed ogre
 11271 | D:9      | Banished a two-headed ogre
 11829 | D:9      | Got a brightly glowing leather armour
 12044 | D:10     | Entered Level 10 of the Dungeon
 12044 | D:10     | Noticed a two-headed ogre
 12412 | D:10     | Reached skill level 10 in Fighting
 12475 | D:10     | Found a staircase to the Lair,
 12511 | D:10     | Identified the +0 leather armour "Feqic" {Str+4} (You found
                  | it on level 9 of the Dungeon)
 12728 | D:10     | Banished a two-headed ogre
 12878 | D:10     | Noticed a great orb of eyes
 13263 | D:10     | Paralysed by a great orb of eyes for 7 turns
 13288 | D:10     | Killed a great orb of eyes
 13288 | D:10     | Reached XP level 12. HP: 51/98 MP: 20/22
 13533 | D:11     | Found a shimmering blue altar of Sif Muna,
 13704 | D:11     | Reached ****** piety under Lugonu
 13725 | D:11     | Found a roughly hewn altar of Beogh,
 13730 | D:11     | Found a staircase to the Orcish Mines,
 13892 | D:11     | Noticed Urug
 13914 | D:11     | Killed Urug
 14108 | D:11     | Noticed Maurice
 14710 | D:11     | Noticed a six-headed hydra
 14717 | D:11     | Banished a six-headed hydra
 14842 | Lair:1   | Entered Level 1 of the Lair of Beasts
 15290 | Lair:1   | Found a gate leading to a gauntlet,
 15318 | Gauntlet | Entered a Gauntlet
 15318 | Gauntlet | Found a transporter,
 15318 | Gauntlet | Found a transporter,
 15321 | Gauntlet | Found a transporter,
 15325 | Gauntlet | Found a transporter,
 15325 | Gauntlet | Found a transporter,
 15325 | Gauntlet | Found a transporter,
 15359 | Gauntlet | Found a transporter,
 15363 | Gauntlet | Found a transporter,
 15374 | Gauntlet | Found a transporter,
 15380 | Gauntlet | Noticed a two-headed ogre
 15380 | Gauntlet | a manticore changed into a two-headed ogre
 15381 | Gauntlet | a two-headed ogre changed into a mana viper
 15387 | Gauntlet | Found a transporter,
 15393 | Gauntlet | Noticed a shock serpent
 15393 | Gauntlet | a snapping turtle changed into a shock serpent
 15402 | Gauntlet | Found a transporter,
 15406 | Gauntlet | Found a transporter,
 15408 | Gauntlet | Found a runed translucent gate,
 15408 | Gauntlet | Found a runed translucent gate,
 15408 | Gauntlet | Found a runed translucent gate,
 15419 | Gauntlet | Found a runed translucent door,
 15593 | Gauntlet | Noticed an anaconda
 15623 | Gauntlet | Reached skill level 10 in Armour
 15953 | Gauntlet | Noticed a minotaur
 15991 | Gauntlet | Killed a minotaur
 16015 | Gauntlet | Identified the Almanac of the Disturbing Nights
 17464 | Lair:2   | Identified a +9 demon whip of distortion (a +7 demon whip
                  | corrupted by Lugonu)
 17464 | Lair:2   | Received a gift from Lugonu
 17503 | Lair:2   | Noticed an eight-headed hydra
 17561 | Lair:2   | Found a staircase to the Shoals,
 17580 | Lair:2   | Noticed a seven-headed hydra
 17592 | Lair:2   | Killed a seven-headed hydra
 17592 | Lair:2   | Reached XP level 13. HP: 80/106 MP: 19/24
 18126 | Lair:3   | Found a staircase to the Snake Pit,
 18439 | Lair:3   | Found a radiant altar of Vehumet,
 18976 | Lair:4   | Reached skill level 10 in Invocations
 20494 | Lair:5   | Reached skill level 10 in Maces & Flails
 20549 | Lair:5   | Found a runed translucent door,
 20982 | Lair:6   | Entered Level 6 of the Lair of Beasts
 21324 | Lair:6   | Reached XP level 14. HP: 110/116 MP: 26/26
 21402 | Lair:6   | Found a staircase to the Slime Pits,
 21976 | Lair:6   | Got a scorched hunting sling
 21977 | Lair:6   | Identified the +5 hunting sling "Neqan" {vorpal, MR+} (You
                  | found it on level 6 of the Lair of Beasts)
 22030 | Lair:6   | Reached skill level 10 in Short Blades
 23249 | D:12     | Found a snail-covered altar of Cheibriados,
 23344 | D:12     | You fall into a shaft and drop 2 floors!
 23422 | D:14     | Noticed an ironheart preserver
 23425 | D:14     | Found a gate to the Vaults,
 24012 | D:14     | Banished an ironheart preserver
 24832 | D:12     | Identified the +4 great mace "Xutrekea" {flame, +Fly rPois
                  | rC-}
 24832 | D:12     | Noticed a fire giant
 24832 | D:12     | Noticed liluieth's ghost (journeyman DECj)
 24833 | D:12     | Found a transporter,
 24833 | D:12     | Found a transporter,
 25129 | D:13     | Reached XP level 15. HP: 124/124 MP: 28/28
 25592 | D:14     | Reached skill level 10 in Dodging
 25821 | D:14     | Found a snail-covered altar of Cheibriados,
 25934 | D:15     | Entered Level 15 of the Dungeon
 26026 | D:15     | Found a staircase to the Depths,
 27066 | D:15     | Reached skill level 10 in Long Blades
 27066 | D:15     | Reached skill level 10 in Axes
 27066 | D:15     | Reached skill level 10 in Polearms
 27066 | D:15     | Reached skill level 10 in Staves
 27066 | D:15     | Reached skill level 10 in Slings
 27066 | D:15     | Reached skill level 10 in Bows
 27066 | D:15     | Reached skill level 10 in Crossbows
 27066 | D:15     | Reached skill level 10 in Throwing
 27066 | D:15     | Reached skill level 10 in Stealth
 27066 | D:15     | Reached skill level 10 in Shields
 27066 | D:15     | Reached skill level 10 in Unarmed Combat
 27066 | D:15     | Reached skill level 10 in Spellcasting
 27066 | D:15     | Reached skill level 10 in Evocations
 27479 | Orc:1    | Entered Level 1 of the Orcish Mines
 27807 | Orc:2    | Entered Level 2 of the Orcish Mines
 28698 | Orc:2    | Found a staircase to the Elven Halls,
 29482 | Orc:2    | Paralysed by an orc sorcerer for 4 turns
 29593 | Orc:2    | Noticed an orc warlord
 29607 | Orc:2    | Banished an orc warlord
 29859 | Orc:2    | Found Teom's Antique Armour Shoppe,
 29860 | Orc:2    | Found Goumuys's Antique Weapon Shoppe,
 29861 | Orc:2    | Found Buhed's General Store,
 29861 | Orc:2    | Found Semi's Book Emporium,
 29868 | Orc:2    | Bought a book of the Sky for 910 gold pieces
 29868 | Orc:2    | Bought a book of Unlife for 910 gold pieces
 29877 | Orc:2    | Bought a pair of embroidered gloves for 165 gold pieces
 29900 | Orc:2    | Bought a potion of curing for 33 gold pieces
 29900 | Orc:2    | Bought a scroll of fear for 38 gold pieces
 30121 | Orc:2    | Reached XP level 16. HP: 127/134 MP: 30/30
 30273 | Snake:1  | Entered Level 1 of the Snake Pit
 30825 | Lair:3   | Learned a level 4 spell: Summon Lightning Spire
 30828 | Lair:3   | Learned a level 2 spell: Blink
 30831 | Lair:3   | Learned a level 2 spell: Passwall
 30835 | Lair:3   | Learned a level 3 spell: Lesser Beckoning
 30841 | Lair:3   | Learned a level 5 spell: Aura of Abjuration
 30847 | Lair:3   | Learned a level 5 spell: Borgnjor's Vile Clutch
 30854 | Lair:3   | Learned a level 6 spell: Deflect Missiles
 30862 | Lair:3   | Learned a level 6 spell: Statue Form
 32941 | Snake:2  | Noticed Flugslaktarn's ghost (journeyman DDFi)
 32944 | Snake:2  | Found a transporter,
 32951 | Snake:2  | Found a one-way gate to the infinite horrors of the Abyss,
 32991 | Snake:2  | Found a transporter,
 32991 | Snake:2  | Identified the +3 flail of Terphiny {distort, rN+ Str-3
                  | Int+3}
 32991 | Snake:2  | Noticed a nagaraja
 32992 | Snake:2  | Noticed a tentacled starspawn
 32992 | Snake:2  | Noticed a hellephant
 33248 | Snake:2  | Identified a scroll of acquirement
 33253 | Snake:2  | Identified the +2 quick blade "Trog's Outrage" {vorpal,
                  | rPois Dex+4 SInv} (You acquired it on level 2 of the Snake
                  | Pit)
 33474 | Snake:3  | Noticed a nagaraja
 33516 | Snake:3  | Identified the Papyrus of Cold
 33596 | Snake:3  | Noticed a nagaraja
 33704 | Snake:3  | Found a basalt altar of Yredelemnul,
 33707 | Snake:3  | Killed a nagaraja
 33783 | Snake:3  | Reached skill level 15 in Fighting
 33853 | Snake:3  | Noticed Aizul
 33867 | Snake:3  | Killed Aizul
 34154 | Snake:3  | Noticed a nagaraja
 34167 | Snake:3  | Killed a nagaraja
 34279 | Snake:3  | Banished a nagaraja
 34364 | Snake:4  | Entered Level 4 of the Snake Pit
 34545 | Snake:4  | Noticed a nagaraja
 34571 | Snake:4  | Killed a nagaraja
 34571 | Snake:4  | Reached XP level 17. HP: 142/142 MP: 24/32
 34606 | Snake:4  | Found Jeiho's Jewellery Shop,
 34606 | Snake:4  | Found Buamiu's Gadget Shoppe,
 34607 | Snake:4  | Found Porajite's Jewellery Shop,
 34612 | Snake:4  | Bought an uncursed ring of protection from magic for 350
                  | gold pieces
 35050 | Snake:4  | Reached skill level 15 in Armour
 35526 | Snake:4  | Got a serpentine rune of Zot
 35676 | Snake:4  | Noticed Saint Roka
 35695 | Snake:4  | Banished Saint Roka
 35853 | Shoals:1 | Entered Level 1 of the Shoals
 36169 | Shoals:2 | Found Buug's General Store,
 36174 | Shoals:2 | Found Xeroproa's Armour Emporium,
 36237 | Shoals:2 | Bought a +2 buckler of reflection for 333 gold pieces
 37053 | Shoals:2 | Reached skill level 10 in Conjurations
 37053 | Shoals:2 | Reached skill level 10 in Hexes
 37053 | Shoals:2 | Reached skill level 10 in Charms
 37053 | Shoals:2 | Reached skill level 10 in Summonings
 37053 | Shoals:2 | Reached skill level 10 in Necromancy
 37053 | Shoals:2 | Reached skill level 10 in Translocations
 37053 | Shoals:2 | Reached skill level 10 in Transmutations
 37053 | Shoals:2 | Reached skill level 10 in Fire Magic
 37053 | Shoals:2 | Reached skill level 10 in Ice Magic
 37053 | Shoals:2 | Reached skill level 10 in Air Magic
 37053 | Shoals:2 | Reached skill level 10 in Earth Magic
 37053 | Shoals:2 | Reached skill level 10 in Poison Magic
 37115 | Shoals:2 | Found Pow Komi's Weapon Boutique,
 37172 | Shoals:2 | Reached XP level 18. HP: 151/151 MP: 27/33
 37915 | Shoals:4 | Entered Level 4 of the Shoals
 38270 | Shoals:4 | Reached skill level 15 in Maces & Flails
 38564 | Shoals:4 | Noticed Nikola
 38760 | Shoals:4 | Got a barnacled rune of Zot
 39019 | Shoals:3 | Upgraded the game from 0.25-a0-690-g234afa57d4 to
                  | 0.25-a0-697-g890751e744
 39123 | Shoals:4 | Noticed Mara
 39139 | Shoals:4 | Killed Nikola
 39938 | Shoals:4 | Identified the Catalogue of Assistive Enchantment
 40133 | Shoals:4 | Identified the +1 robe "Uhonurph" {rN+ Int+4 Slay-6}
 40199 | Shoals:4 | Noticed MisterFreud's illusion
 40271 | Shoals:3 | Noticed MisterFreud's illusion
 40285 | Shoals:3 | Noticed MisterFreud's illusion
 41190 | Vaults:1 | Entered Level 1 of the Vaults
 41659 | Vaults:1 | Reached XP level 19. HP: 159/159 MP: 35/35
 41690 | Vaults:1 | Noticed a Hell Sentinel
 42469 | Vaults:2 | Found Ipeciza's Antique Weapon Emporium,
 42785 | Vaults:2 | Identified the +6 arbalest of Midwinter {venom, rPois
                  | Str+5}
 42899 | Vaults:2 | Found Yvukkoda's Jewellery Boutique,
 43570 | Snake:4  | Bought the amulet of the Snail {rN+ Regen+ Str+4 Slay+2}
                  | for 812 gold pieces
 44289 | Vaults:3 | Reached XP level 20. HP: 144/170 MP: 36/36
 44549 | Vaults:2 | Found Wytosadgh's Jewellery Boutique,
 44649 | Vaults:2 | Found a white marble altar of Elyvilon,
 45033 | Vaults:2 | Found Hikhlicou's Magic Scroll Shoppe,
 45044 | Vaults:2 | Bought 2 scrolls of blinking for 255 gold pieces
 45818 | Vaults:3 | Found a staircase to the Crypt,
 45818 | Vaults:3 | Found an ancient bone altar of Kikubaaqudgha,
 45849 | Vaults:3 | Found a basalt altar of Yredelemnul,
 46540 | Vaults:4 | Reached skill level 15 in Invocations
 47158 | Vaults:4 | Reached XP level 21. HP: 178/178 MP: 38/38
 47674 | Vaults:4 | Identified the +10 plate armour "Loizeaq" {Dex+6}
 48142 | Vaults:4 | Identified the +8 short sword "Rismess" {distort, Str+2}
 48296 | Vaults:4 | Gained mutation: Your magical capacity is low. (-10% MP) [a
                  | shining eye]
 48961 | D:11     | Banished Maurice
 49179 | Elf:1    | Entered Level 1 of the Elven Halls
 49348 | Elf:1    | Identified the Tome of Evil Secrets
 49383 | Elf:1    | Found Famel's Antique Weapon Boutique,
 49921 | Elf:2    | Found a runed translucent gate,
 49921 | Elf:2    | Found a runed translucent gate,
 49921 | Elf:2    | Found a runed translucent gate,
 50275 | Elf:2    | Cast into level 2 of the Abyss (+1 executioner's axe of
                  | distortion)
 50275 | Abyss:2  | Found a corrupted altar of Lugonu,
 50374 | Abyss:3  | Found a bloodstained altar of Trog,
 50531 | Abyss:3  | Paralysed by accursed screaming for 1 turns
 50575 | Abyss:3  | Paralysed by accursed screaming for 1 turns
 50576 | Elf:2    | Escaped the Abyss
 50828 | Elf:3    | Entered Level 3 of the Elven Halls
 50828 | Elf:3    | Noticed Louise
 50840 | Elf:3    | Reached XP level 22. HP: 188/188 MP: 36/36
 51374 | Elf:2    | Found a portal to a secret trove of treasure,
 51805 | Elf:3    | Killed Louise
 51996 | Elf:3    | Identified the ring of the Leaf {Fire rN+}
 52467 | Elf:3    | Reached skill level 15 in Short Blades
 52470 | Elf:3    | Reached skill level 15 in Staves
 52823 | Elf:3    | Found the +4 dagger "Morg" {pain, MR+ Int+5}
 52847 | Elf:3    | Identified the Compendium of Transformation and the
                  | Volcanoes
 52868 | Elf:3    | Found the +7 sceptre of Torment {pain, torment}
 52886 | Elf:3    | Identified Sif Muna's Incunabulum of Assistive
                  | Weightlessness
 53314 | Depths:1 | Entered Level 1 of the Depths
 53355 | Depths:1 | Identified the Volume of Ignition
 53460 | Depths:1 | Noticed the Enchantress
 53747 | Depths:1 | Killed the Enchantress
 54304 | Depths:1 | Found a gateway to Hell,
 54554 | Depths:2 | Found Fijako's General Store,
 54742 | Depths:2 | Reached XP level 23. HP: 196/196 MP: 37/37
 55128 | Depths:2 | Reached skill level 15 in Dodging
 55341 | Depths:2 | Found an ancient bone altar of Kikubaaqudgha,
 55341 | Depths:2 | Noticed an ancient lich
 55371 | Depths:2 | Killed an ancient lich
 55436 | Depths:2 | Learned a level 5 spell: Irradiate
 56080 | Depths:2 | Reached skill level 15 in Long Blades
 56080 | Depths:2 | Reached skill level 15 in Axes
 56080 | Depths:2 | Reached skill level 15 in Polearms
 56080 | Depths:2 | Reached skill level 15 in Slings
 56080 | Depths:2 | Reached skill level 15 in Bows
 56080 | Depths:2 | Reached skill level 15 in Crossbows
 56080 | Depths:2 | Reached skill level 15 in Throwing
 56080 | Depths:2 | Reached skill level 15 in Stealth
 56080 | Depths:2 | Reached skill level 15 in Shields
 56080 | Depths:2 | Reached skill level 15 in Unarmed Combat
 56080 | Depths:2 | Reached skill level 15 in Spellcasting
 56080 | Depths:2 | Reached skill level 15 in Evocations
 56375 | Depths:2 | Found a gateway to a ziggurat,
 56735 | Depths:3 | Noticed Boris
 56760 | Depths:2 | Killed Boris
 57682 | Depths:3 | Reached XP level 24. HP: 206/206 MP: 25/38
 57945 | Depths:3 | Found a one-way gate leading to the halls of Pandemonium,
 58861 | Depths:4 | Noticed a caustic shrike
 58870 | Depths:4 | Killed a caustic shrike
 59013 | Depths:4 | Noticed Frederick
 59022 | Depths:4 | Killed Frederick
 59538 | Depths:4 | You fall into a shaft and drop 1 floor!
 59538 | Depths:5 | Entered Level 5 of the Depths
 61026 | Depths:5 | Reached XP level 25. HP: 166/214 MP: 38/38
 61426 | Depths:5 | Found a gate to the Realm of Zot,
 61759 | Depths:4 | Learned a level 1 spell: Apportation
 61810 | Depths:4 | Voluntarily entered the Abyss.
 61870 | Abyss:1  | Found a corrupted altar of Lugonu,
 61928 | Abyss:1  | Found a corrupted altar of Lugonu,
 62199 | Abyss:1  | Killed Maurice
 62296 | Abyss:1  | Killed Saint Roka
 62346 | Abyss:2  | Found a corrupted altar of Lugonu,
 62544 | Abyss:3  | Got an abyssal rune of Zot
 63031 | Abyss:3  | Paralysed by accursed screaming for 1 turns
 63064 | Abyss:3  | Reached XP level 26. HP: 120/224 MP: 39/39
 63377 | Abyss:3  | Gained mutation: You expend magic power (3 MP) to
                  | strengthen your wands. [a neqoxec]
 63509 | Depths:4 | Escaped the Abyss
 63808 | Zot:1    | Entered Level 1 of the Realm of Zot
 64330 | Zot:1    | Noticed a Killer Klown
 64377 | Zot:1    | Killed a Killer Klown
 64946 | Zot:1    | Noticed a Killer Klown
 64973 | Zot:1    | Killed a Killer Klown
 65237 | Zot:1    | Escaped the Abyss
 65629 | Zot:2    | Reached XP level 27. HP: 214/233 MP: 39/39
 65878 | Zot:2    | Noticed an orb of fire
 65898 | Zot:2    | Gained mutation: You do not regenerate when monsters are
                  | visible. [an orb of fire]
 65899 | Zot:2    | Gained mutation: Your muscles are strong. (Str +2) [an orb
                  | of fire]
 65915 | Zot:2    | Killed an orb of fire
 66679 | Zot:2    | Escaped the Abyss
 68086 | D:12     | Killed liluieth's ghost
 68302 | Snake:2  | Reached skill level 15 in Conjurations
 68302 | Snake:2  | Reached skill level 15 in Hexes
 68302 | Snake:2  | Reached skill level 15 in Charms
 68302 | Snake:2  | Reached skill level 15 in Summonings
 68302 | Snake:2  | Reached skill level 15 in Necromancy
 68302 | Snake:2  | Reached skill level 15 in Translocations
 68302 | Snake:2  | Reached skill level 15 in Transmutations
 68302 | Snake:2  | Reached skill level 15 in Fire Magic
 68302 | Snake:2  | Reached skill level 15 in Ice Magic
 68302 | Snake:2  | Reached skill level 15 in Air Magic
 68302 | Snake:2  | Reached skill level 15 in Earth Magic
 68302 | Snake:2  | Reached skill level 15 in Poison Magic
 68321 | Snake:2  | Killed Flugslaktarn's ghost
 68756 | Snake:4  | Bought a wand of acid (9) for 312 gold pieces
 68756 | Snake:4  | Bought a wand of clouds (6) for 360 gold pieces
 69128 | Vaults:2 | Bought a scroll of fog for 34 gold pieces
 69128 | Vaults:2 | Bought a scroll of teleportation for 51 gold pieces
 69128 | Vaults:2 | Bought a scroll of teleportation for 51 gold pieces
 70398 | Abyss:1  | Paralysed by accursed screaming for 1 turns
 70694 | Zot:3    | Escaped the Abyss
 72450 | Zot:4    | Escaped the Abyss
 72833 | Zot:5    | Entered Level 5 of the Realm of Zot
 73333 | Zot:5    | Noticed an ancient lich
 73338 | Zot:5    | Noticed an orb of fire
 73344 | Zot:5    | Noticed an orb of fire
 73345 | Zot:5    | Noticed an ancient lich
 73347 | Zot:5    | Noticed an orb of fire
 73350 | Zot:5    | Gained mutation: You are frail. (-10% HP) [an orb of fire]
 73352 | Zot:5    | Killed an ancient lich
 73352 | Zot:5    | Noticed an ancient lich
 73355 | Zot:5    | Got the Orb of Zot
 73365 | Zot:5    | Cast into level 5 of the Abyss (the power of Zot)
 73365 | Abyss:5  | Entered Level 5 of the Abyss
 73365 | Abyss:5  | Found a corrupted altar of Lugonu,
 73425 | Zot:5    | Escaped the Abyss
 73528 | Zot:2    | Noticed Gest the pandemonium lord
 73549 | Zot:1    | Killed Gest the pandemonium lord
 73574 | Zot:1    | HP: 2/276 [Hell Sentinel/damnation (51)]
 73576 | Zot:1    | Killed from afar by a Hell Sentinel

Levels and vault maps discovered:
D:1:      minmay_arrival_loop, layout_basic, chequers_serial_rivers_small_b,
          lexackson_kobold_supper
D:2:      layout_basic
D:3:      layout_basic, first_ration, cheibrodos_gnoll_hut, uniq_ijyb
D:4:      layout_basic, lemuel_zombie_altar_yredelemnul
D:5:      layout_basic, gammafunk_temple_overflow_forgotten,
          minmay_temple_entry_enclosed_plants, ebering_ghost_reflecting_pool,
          gup_sewer_entry_bubbles, uniq_sigmund
D:6:      layout_loops_ring, nzn_random_ring, uniq_eustachio
D:7:      layout_rooms, grunt_livestock
D:8:      layout_loops_corners, enter_bailey_3
D:9:      minmay_the_grid_triangle_9x9_recursive_2_mashed
          [minmay_the_grid_triangle_9x9_prize_schism,
          minmay_the_grid_triangle_9x9_checkered,
          minmay_the_grid_triangle_9x9_dagger,
          minmay_the_grid_triangle_9x9_pentomino_pain], layout_stronghold,
          bh_circular_ruins, uniq_maggie, uniq_joseph
D:10:     layout_cave_pools, grunt_lair_entry_orc_guard_hut,
          kennysheep_island_fort
D:11:     layout_roguey, david_orc_5, basic_altar,
          chequers_serial_rivers_micro_e, uniq_urug, uniq_maurice
D:12:     layout_big_octagon, gammafunk_ghost_smash, basic_altar,
          serial_bayou_pond_a
D:13:     layout_basic
D:14:     layout_long_grid, skrybe_vaults_entry_preservation,
          cheibriados_altar_1, portal_ice_cave_entry_pillars_1
D:15:     hangedman_depths_entry_civil_slaughter, layout_basic
Lair:1:   layout_hall_layers, gauntlet_entry_generic, grunt_megastairs_1
Lair:2:   layout_long_grid, elwin_shoals_entry_stream, st_stairs_4
Lair:3:   layout_roguey, dummy_snake_entry, basic_altar, beast_lair_carwin_3
Lair:4:   layout_long_grid, lemuel_fruit_fields, grunt_megastairs_4
Lair:5:   layout_loops_ring, pf_torpor_hydra
Lair:6:   minmay_lair_end_enchanted_forest, layout_cave_pods,
          nicolae_slime_entry_slimehenge, minivault_11
Shoals:1: cheibrodos_shoals_satyrical_garden, layout_shoals
Shoals:2: layout_shoals, serial_shops, nicolae_shop_trees,
          nicolae_shop_waterfront, shop, uniq_polyphemus
Shoals:3: layout_shoals
Shoals:4: shoals_end_grunt_ice, layout_shoals, uniq_mara, uniq_nikola
Snake:1:  layout_cave_shapes, serial_bayou_ford_a, drop_trap, st_stairs_12
Snake:2:  layout_misc_corridors, gammafunk_ghost_abyssal_escape
Snake:3:  layout_misc_corridors, basic_altar, st_stairs_11,
          serial_bayou_lagoon_a, grunt_megastairs_2, uniq_aizul
Snake:4:  minmay_snake_end_coiled, layout_rooms, nicolae_snake_single_loop,
          lemuel_fruit_tree, minmay_shop_grove, uniq_saint_roka
Orc:1:    layout_diamond_mine
Orc:2:    st_orc_congregation, layout_diamond_mine,
          nicolae_orc_flooded_monolith, nicolae_orc_rockfall
Elf:1:    layout_loops_cross, serial_shops, shop, minmay_elf_necromancy
Elf:2:    layout_gridlike, enter_trove_3
Elf:3:    minmay_elf_hall_x, layout_geoelf_octagon, uniq_louise
Vaults:1: v_misc_4, hangedman_vaults_restitches, v_misc_5, vaults_dpeg_doors,
          ontoclasm_vaults_loading_screen, nicolae_vaults_inception_scallops,
          nicolae_vaults_bisected_inception, nicolae_vaults_little_squares_1,
          nicolae_vaults_little_ls, vaults_dpeg_diagonal,
          layout_vaults_omnicross
Vaults:2: ontoclasm_vaults_claustrophobia, hangedman_vaults_nails,
          vaults_room_fours, ontoclasm_vaults_eye, v_misc_12, v_misc_33,
          st_star, nicolae_vaults_yaktaur_gun_rack, layout_vaults_ring,
          basic_altar, serial_shops, shop, shop, shop, shop
Vaults:3: minmay_crypt_entry_necro_gods, hangedman_vaults_impose, st_squares,
          grunt_vaults_focal, ontoclasm_vaults_ligature,
          vaults_standard_mumra_enter_the_diamond, ontoclasm_vaults_shuriken,
          nicolae_vaults_what_the_h, vaults_room_corners, vaults_mumra_hex,
          nicolae_vaults_little_squares_2, vaults_dpeg_hooks,
          layout_vaults_big_room, portal_desolation_entry_ruin
Vaults:4: v_misc_17, vaults_dpeg_spiral, nicolae_vaults_triangles, v_misc_18,
          st_greater_box_1, v_misc_10, v_misc_25, hangedman_vaults_cutoff,
          ontoclasm_vaults_chip, vaults_dpeg_ring, layout_vaults_omnibox
Depths:1: layout_long_grid, dk_noncrumbling_2, hell_entry,
          hangedman_abyss_or_decor_stagger, kennysheep_generic_room_14,
          serial_bayou_shore_b, uniq_enchantress
Depths:2: evilmike_negative_zone, layout_cave_pools, enter_ziggurat_f,
          grunt_hell_horde, serial_shops, shop, st_stairs_6
Depths:3: minmay_diamond_stairs, layout_gridville, abyss_entry,
          hangedman_coc_ice_floe, pan_entry, lemuel_statue_altar,
          minmay_gold_behind_fungi, minmay_fractal_squares_diagonal_5,
          minmay_staircase_bubble, uniq_boris
Depths:4: hangedman_stitches_corridor, layout_basic, abyss_entry, hell_entry,
          hangedman_abyss_or_decor_passed, uniq_frederick
Depths:5: grunt_zot_entry_hairpin, layout_cave_pools, pf_dread_powers_of_hell,
          minmay_misc_feat_ornament, serial_bayou_shore_b
Zot:1:    cheibrodos_zot_enchanting_chambers, layout_misc_corridors
Zot:2:    layout_gridlike
Zot:3:    layout_twisted_circle
Zot:4:    layout_gridville
Zot:5:    layout_concentric_octagons, bh_zot_ikea_curve

Skill      XL: |  1  2  3  4  5  6  7  8  9 10 11 12 13 14 15 16 17 18 19 20 21 22 23 24 25 26 27 |
---------------+----------------------------------------------------------------------------------+-----
Long Blades    | 1 2 3 4 5 6 7 8 9 10 11 12 13 14 15 16 17 | 17.9
Axes           | 1 2 3 4 5 6 7 8 9 10 11 12 13 14 15 16 17 | 17.9
Maces & Flails | 1 2 3 4 5 7 8 10 11 12 13 14 15 16 17 18 19 20 21 22 | 22.9
Polearms       | 1 2 3 4 5 6 7 8 9 10 11 12 13 14 15 16 17 18 20 | 20.2
Staves         | 1 2 3 4 5 6 7 8 9 10 11 12 13 14 15 16 17 18 | 18.3
Slings         | 1 2 3 4 5 6 7 8 9 10 11 12 13 14 15 16 17 | 17.9
Bows           | 1 2 3 4 5 6 7 8 9 10 11 12 13 14 15 16 17 | 17.9
Crossbows      | 1 2 3 4 5 6 7 8 9 10 11 12 13 14 15 16 17 | 17.9
Throwing       | 1 2 3 4 5 6 7 8 9 10 11 12 13 14 15 16 17 | 17.9
Stealth        | 1 2 3 4 5 6 7 8 9 10 11 12 13 14 15 16 17 | 17.9
Shields        | 1 2 3 4 5 6 7 8 9 10 11 12 13 14 15 16 17 | 17.9
Unarmed Combat | 1 2 3 4 5 6 7 8 9 10 11 12 13 14 15 16 17 | 17.9
Spellcasting   | 1 2 3 4 5 6 7 8 9 10 11 12 13 14 15 16 17 | 17.9
Evocations     | 1 2 3 4 5 6 7 8 9 10 11 12 13 14 15 16 17 | 17.9
Conjurations   | 1 2 3 4 5 6 7 8 9 10 11 12 13 14 15 | 15.4
Hexes          | 1 2 3 4 5 6 7 8 9 10 11 12 13 14 15 | 15.4
Charms         | 1 2 3 4 5 6 7 8 9 10 11 12 13 14 15 | 15.4
Summonings     | 1 2 3 4 5 6 7 8 9 10 11 12 13 14 15 | 15.4
Necromancy     | 1 2 3 4 5 6 7 8 9 10 11 12 13 14 15 | 15.4
Translocations | 1 2 3 4 5 6 7 8 9 10 11 12 13 14 15 | 15.4
Transmutations | 1 2 3 4 5 6 7 8 9 10 11 12 13 14 15 | 15.4
Fire Magic     | 1 2 3 4 5 6 7 8 9 10 11 12 13 14 15 | 15.4
Ice Magic      | 1 2 3 4 5 6 7 8 9 10 11 12 13 14 15 | 15.4
Air Magic      | 1 2 3 4 5 6 7 8 9 10 11 12 13 14 15 | 15.4
Earth Magic    | 1 2 3 4 5 6 7 8 9 10 11 12 13 14 15 | 15.4
Poison Magic   | 1 2 3 4 5 6 7 8 9 10 11 12 13 14 15 | 15.4
Dodging        | 3 4 5 6 7 8 9 10 11 12 13 14 15 16 17 18 | 18.0
Invocations    | 5 6 7 8 9 10 11 12 13 14 15 16 17 18 19 | 19.6
Short Blades   | 5 6 7 8 9 10 11 12 13 14 15 16 17 18 | 18.3
Armour         | 5 6 7 9 10 11 12 13 14 15 16 17 18 19 20 21 22 23 | 23.6
Fighting       | 7 8 9 10 11 12 13 14 15 16 17 18 19 20 21 22 23 | 23.9

Action                   |  1- 3 |  4- 6 |  7- 9 | 10-12 | 13-15 | 16-18 | 19-21 | 22-24 | 25-27 || total
-------------------------+-------+-------+-------+-------+-------+-------+-------+-------+-------++-------
Melee: Short sword       |    62 |    15 |       |       |       |       |       |       |       ||    77
       Bite              |    13 |    33 |    55 |   258 |   194 |   149 |   230 |   290 |   457 ||  1679
       Dagger            |    51 |   200 |   463 |  1495 |       |       |       |       |       ||  2209
       Punch             |       |     1 |     5 |    24 |       |       |       |       |       ||    30
       Rapier            |       |       |    70 |   128 |       |       |       |       |       ||   198
       Demon whip        |       |       |       |    42 |  1622 |  1495 |  1410 |  1585 |  2338 ||  8492
       Unarmed           |       |       |       |       |       |     1 |       |       |       ||     1
       Quick blade       |       |       |       |       |       |       |    52 |    56 |       ||   108
 Fire: Hunting sling     |       |       |    78 |   120 |       |       |       |       |       ||   198
Throw: Dart              |       |     8 |       |       |       |       |       |       |       ||     8
 Cast: Statue Form       |       |       |       |       |       |    91 |    15 |     8 |     7 ||   121
       Deflect Missiles  |       |       |       |       |       |     9 |     5 |     6 |     6 ||    26
       Borgnjor's Vile C |       |       |       |       |       |     9 |    29 |    28 |    60 ||   126
       Lesser Beckoning  |       |       |       |       |       |     5 |       |       |     2 ||     7
       Summon Lightning  |       |       |       |       |       |       |     1 |     1 |       ||     2
       Aura of Abjuratio |       |       |       |       |       |       |       |     2 |     2 ||     4
       Irradiate         |       |       |       |       |       |       |       |     4 |    11 ||    15
       Blink             |       |       |       |       |       |       |       |       |     6 ||     6
       Apportation       |       |       |       |       |       |       |       |       |     1 ||     1
Invok: Depart the Abyss  |     1 |       |       |       |       |       |       |       |     3 ||     4
       Banish            |       |       |       |    10 |       |       |       |     1 |       ||    11
       Brand Weapon With |       |       |       |     1 |       |       |       |       |       ||     1
       Enter the Abyss   |       |       |       |       |       |       |       |       |     4 ||     4
 Abil: End Transformatio |       |       |       |       |       |       |       |       |     2 ||     2
Evoke: Wand              |       |       |     5 |     7 |     3 |     8 |     6 |     4 |    10 ||    43
       Phial of floods   |       |       |       |     1 |       |       |       |       |     1 ||     2
       Box of beasts     |       |       |       |     1 |       |       |     1 |     2 |     3 ||     7
       Phantom mirror    |       |       |       |       |       |     1 |       |       |     1 ||     2
  Use: Scroll            |       |     4 |     9 |    17 |     9 |     9 |     8 |     6 |    16 ||    78
       Potion            |       |       |     1 |     4 |     1 |     1 |     3 |       |    16 ||    26
 Stab: Sleeping          |       |     1 |       |       |       |    11 |    16 |    19 |       ||    47
       Distracted        |       |       |       |       |       |     2 |     5 |     7 |     2 ||    16
       Paralysed         |       |       |       |       |       |       |       |       |     3 ||     3
       Confused          |       |       |       |       |       |       |       |       |     2 ||     2
       Petrifying        |       |       |       |       |       |       |       |       |     1 ||     1
  Eat: Chunk             |     1 |     6 |    12 |    35 |    41 |    32 |    29 |    22 |     7 ||   185
       Ration            |       |       |     2 |     1 |       |    11 |     2 |     4 |    13 ||    33
Armor: Leather armour    |    43 |     7 |       |       |       |       |       |       |       ||    50
       Plate armour      |       |    69 |   266 |    20 |       |       |       |       |       ||   355
       Crystal plate arm |       |       |       |  1219 |   885 |    11 |       |       |       ||  2115
       Skin              |       |       |       |       |       |   530 |   108 |    51 |    52 ||   741
       Robe              |       |       |       |       |       |    13 |     1 |       |       ||    14
       Ice dragon scales |       |       |       |       |       |       |   274 |   421 |    21 ||   716
       Gold dragon scale |       |       |       |       |       |       |       |       |   934 ||   934
Dodge: Dodged            |    71 |    77 |   103 |   224 |   245 |  1205 |   714 |   699 |   834 ||  4172
       Deflected         |       |       |       |       |       |   161 |    82 |    57 |    54 ||   354
Block: Buckler           |       |       |       |    66 |   543 |   967 |   539 |   512 |   715 ||  3342
       Reflection        |       |       |       |       |    36 |   119 |    42 |    63 |     8 ||   268

Table legend:
 A = Non-vault XP
 B = Vault XP
 C = Vault XP percentage of total XP
 D = Non-vault monster count
 E = Vault monster count
 F = Vault count percentage of total count
                 A         B        C        D         E       F
            +---------+---------+-------+---------+---------+-------
      Total |  946831 |  567148 |  37.5 |    1688 |     857 |  33.7
            +---------+---------+-------+---------+---------+-------
        D:1 |      40 |      15 |  27.3 |      22 |       8 |  26.7
        D:2 |      84 |       0 |   0.0 |      38 |       0 |   0.0
        D:3 |     142 |     140 |  49.6 |      20 |       4 |  16.7
        D:4 |     363 |       3 |   0.8 |       9 |       2 |  18.2
        D:5 |     600 |     230 |  27.7 |      16 |       7 |  30.4
        D:6 |     988 |     920 |  48.2 |      27 |      17 |  38.6
        D:7 |     758 |     970 |  56.1 |       5 |       5 |  50.0
        D:8 |     919 |     401 |  30.4 |      19 |       5 |  20.8
        D:9 |    3987 |    2399 |  37.6 |      54 |      21 |  28.0
       D:10 |    1919 |    1768 |  48.0 |      19 |      16 |  45.7
       D:11 |    4332 |    1302 |  23.1 |      29 |      13 |  31.0
       D:12 |    2928 |    6059 |  67.4 |      33 |       8 |  19.5
       D:13 |   12919 |     199 |   1.5 |      38 |       1 |   2.6
       D:14 |    8834 |    3787 |  30.0 |      26 |       8 |  23.5
       D:15 |   13706 |    4475 |  24.6 |      31 |       6 |  16.2
     Lair:1 |    2624 |     255 |   8.9 |      14 |       1 |   6.7
     Lair:2 |    4140 |    2388 |  36.6 |      13 |       7 |  35.0
     Lair:3 |     717 |    1863 |  72.2 |       4 |       6 |  60.0
     Lair:4 |    7289 |     355 |   4.6 |      29 |       1 |   3.3
     Lair:5 |    3881 |     287 |   6.9 |      15 |       1 |   6.2
     Lair:6 |    6939 |    8442 |  54.9 |      29 |      52 |  64.2
   Shoals:1 |   11565 |    3364 |  22.5 |      26 |       6 |  18.8
   Shoals:2 |   15048 |       0 |   0.0 |      32 |       0 |   0.0
   Shoals:3 |   10231 |      79 |   0.8 |      24 |       1 |   4.0
   Shoals:4 |   25757 |   23750 |  48.0 |      44 |      33 |  42.9
    Snake:1 |   10642 |     444 |   4.0 |      27 |       1 |   3.6
    Snake:2 |   11263 |   13143 |  53.9 |      24 |      11 |  31.4
    Snake:3 |   17939 |    7021 |  28.1 |      31 |      11 |  26.2
    Snake:4 |   13650 |   24226 |  64.0 |      24 |      46 |  65.7
      Orc:1 |    4006 |      41 |   1.0 |      54 |       1 |   1.8
      Orc:2 |    2217 |    9734 |  81.4 |      35 |      69 |  66.3
      Elf:1 |   11214 |    1734 |  13.4 |      17 |       6 |  26.1
      Elf:2 |    5723 |   19428 |  77.2 |      12 |      23 |  65.7
      Elf:3 |   21018 |   43367 |  67.4 |      33 |      31 |  48.4
   Vaults:1 |   24935 |    3820 |  13.3 |      48 |       9 |  15.8
   Vaults:2 |   39446 |   22666 |  36.5 |      57 |      32 |  36.0
   Vaults:3 |   42608 |   24443 |  36.5 |      54 |      32 |  37.2
   Vaults:4 |   24054 |   58340 |  70.8 |      53 |      52 |  49.5
   Depths:1 |   30682 |   12087 |  28.3 |      33 |      10 |  23.3
   Depths:2 |   28722 |   52223 |  64.5 |      38 |      60 |  61.2
   Depths:3 |   50185 |   17062 |  25.4 |      64 |      15 |  19.0
   Depths:4 |   57612 |   40368 |  41.2 |      55 |      21 |  27.6
   Depths:5 |   37751 |   16337 |  30.2 |      32 |      15 |  31.9
      Zot:1 |   60615 |   57050 |  48.5 |      41 |      31 |  43.1
      Zot:2 |   80029 |       0 |   0.0 |      51 |       0 |   0.0
      Zot:3 |   50314 |       0 |   0.0 |      29 |       0 |   0.0
      Zot:4 |   41269 |       0 |   0.0 |      24 |       0 |   0.0
      Zot:5 |    7350 |   26420 |  78.2 |       5 |       8 |  61.5
    Abyss:1 |   72314 |    4807 |   6.2 |     113 |       2 |   1.7
    Abyss:2 |     720 |       0 |   0.0 |       3 |       0 |   0.0
    Abyss:3 |   59380 |   42027 |  41.4 |     113 |      82 |  42.1
    Abyss:5 |     463 |       0 |   0.0 |       2 |       0 |   0.0
      Sewer |       0 |     140 | 100.0 |       0 |       6 | 100.0
     Bailey |       0 |    2274 | 100.0 |       0 |      39 | 100.0
   Gauntlet |       0 |    4495 | 100.0 |       0 |      15 | 100.0
            +---------+---------+-------+---------+---------+-------
